 Dungeon Crawl Stone Soup version 0.20-a0-785-g17250f0 (webtiles) character file.

32 nono the Chucker (level 3, 0/18 HPs)
             Began as a Vine Stalker Hunter on Feb 27, 2017.
             Slain by a leopard gecko (1 damage)
             ... on level 2 of the Dungeon.
             The game lasted 00:03:36 (552 turns).

nono the Chucker (Vine Stalker Hunter)               Turns: 552, Time: 00:03:37

Health: 0/18       AC:  3    Str: 15    XL:     3   Next: 25%
Magic:  0/4        EV: 12    Int: 11    God:
Gold:   25         SH:  0    Dex: 14    Spells: 2/2 levels left

rFire    . . .     SeeInvis .   a - +0 short sword
rCold    . . .     Gourm    +   b - +0 leather armour
rNeg     . . .     Faith    .   (no shield)
rPois    .         Spirit   +   (no helmet)
rElec    .         Reflect  .   (no cloak)
rCorr    .         Harm     .   (no gloves)
MR       .....                  (no boots)
Stlth    ++........             i - amulet of the gourmand
Regen    0.1/turn               (no ring)
MPRegen  0.1/turn               (no ring)

@: no status effects
A: fangs 2, magic shield, antimagic bite, no potion heal 3, rot immunity
a: no special abilities


You were on level 2 of the Dungeon.
You were not hungry.

You visited 1 branch of the dungeon, and saw 2 of its levels.

You collected 25 gold pieces.

Inventory:

Hand Weapons
 a - a +0 short sword (weapon)
Missiles
 d - a throwing net (quivered)
Armour
 b - a +0 leather armour (worn)
 e - a +0 ring mail
Jewellery
 i - an amulet of the gourmand (around neck)
Scrolls
 g - 2 scrolls of identify {unknown}
 h - a scroll of fear {unknown}
 j - a scroll of remove curse {unknown}
Potions
 k - a potion of ambrosia {unknown}
Comestibles
 f - 2 bread rations
 l - a meat ration


   Skills:
 - Level 1.7 Fighting
 + Level 4.5 Throwing
 - Level 1.5 Dodging
 - Level 1.2 Stealth


You had 2 spell levels left.
You didn't know any spells.

Dungeon Overview and Level Annotations

Branches:
Dungeon (2/15)

Altars:


Innate Abilities, Weirdness & Mutations

You have extremely sharp teeth.
When hurt, damage is shared between your health and your magic reserves.
Your bite disrupts and absorbs the magic of your enemies.
Potions cannot restore your health.
You are immune to rotting.


Message History

The leopard gecko closely misses you. The frilled lizard closely misses you.
The leopard gecko closely misses you.
Throwing (i - inventory. (,) - cycle):
c - a javelin (quivered)
Press: ? - help, Shift-Dir - straight line, f/p - leopard gecko
Aim: a leopard gecko You throw a javelin.
The javelin barely misses the leopard gecko.
The javelin hits the frilled lizard!
You kill the frilled lizard!
The leopard gecko bites you but does no damage.
The frilled lizard misses you.
The leopard gecko bites you but does no damage.
Throwing (i - inventory):
d - 2 throwing nets (quivered)
Press: ? - help, Shift-Dir - straight line, f/p - leopard gecko
Aim: a leopard gecko You throw a throwing net.
The throwing net barely misses the leopard gecko.
The frilled lizard bites you. The leopard gecko bites you.
You die...

..#####........(.....#
..# #..............#
..# #..............#
..# #..............#
..# #......).......#
### #........(.....#
#.......w......#
#.......l.l....#
#.........@..[.#
################


You could see a worm, a leopard gecko and a frilled lizard.

Vanquished Creatures
  An adder (D:2)
  A worm (D:2)
  A dart slug (D:1)
  3 bats (D:1)
  3 giant cockroaches (D:1)
  A goblin (D:1)
  3 hobgoblins (D:1)
  2 frilled lizards
  A kobold (D:1)
  2 rats (D:1)
18 creatures vanquished.

Notes
Turn   | Place    | Note
-------+----------+-------------------------------------------
     0 | D:1      | nono the Vine Stalker Hunter began the quest for the Orb.
     0 | D:1      | Reached XP level 1. HP: 11/11 MP: 2/2
    94 | D:1      | Reached skill level 4 in Throwing
    94 | D:1      | Reached XP level 2. HP: 10/15 MP: 3/3
   467 | D:2      | Reached XP level 3. HP: 15/18 MP: 4/4
   552 | D:2      | Slain by a leopard gecko

Vault maps used:
D:1:      saegor_arrival_simple_e, serial_bayou, serial_bayou_shore_b,
          serial_bayou_pond_d, serial_bayou_pond_d, serial_bayou_crossing,
          hangedman_decor_clover_reticule
D:2:      minmay_diamond_boxcup, nicolae_dithmenos_through_a_glass_darkly

Skill      XL: |  1 |
---------------+----+-----
Throwing       | 4 |  4.5
Fighting       | |  1.7
Dodging        | |  1.5
Stealth        | |  1.2

Action                   || total
-------------------------++-------
Melee: Short sword       ||    60
       Bite              ||    17
Throw: Javelin           ||    25
       Throwing net      ||     3
Armor: Leather armour    ||    30
Dodge: Dodged            ||    69
